 Dungeon Sprint DCSS version 0.28-a0-1629-gf728b707aa (webtiles) character file.

Game seed: 13408209600407702448

637 xpp the Magician (level 7, -5/60 HPs)
             Began as a Gnoll Warper on Jan 25, 2022.
             Was a Believer of Kikubaaqudgha.
             Slain by an air elemental (6 damage)
             ... in the Dungeon (Sprint V: "Ziggurat Sprint").
             The game lasted 00:05:23 (238 turns).

xpp the Magician (Gnoll Warper)                      Turns: 238, Time: 00:05:24

Health: -5/60      AC: 11    Str: 19    XL:     7   Next: 50%
Magic:  17/18      EV: 14    Int: 12    God:    Kikubaaqudgha [**....]
Gold:   0          SH:  9    Dex: 17    Spells: 3/21 levels left

rFire   + . .      SeeInvis .   H - +5 demon blade
rCold   . . .      Faith    .   D - +3 buckler
rNeg    + . .      Spirit   .   u - +3 ring mail of Koal {rF+ rN+ Int-3}
rPois   .          Reflect  .   s - +1 helmet {Int+3}
rElec   .          Harm     .   (no cloak)
rCorr   .          Rampage  .   (no gloves)
Will    .....      NoTele   +   (no boots)
Stlth   +++.......              (no amulet)
HPRegen 0.20/turn               x - +6 ring of strength
MPRegen 0.16/turn               t - +6 ring of dexterity

@: no status effects
A: fangs 1, strong nose, distributed training
a: Renounce Religion, Receive Corpses


You were in the Dungeon.
You worshipped Kikubaaqudgha.
Kikubaaqudgha was pleased with you.
You visited 1 branch

Inventory:

Hand Weapons
 F - a +5 hand crossbow
 H - a +5 demon blade (weapon)
 J - the +7 Singing Sword {vorpal, sonic wave}
   (You found it in the Dungeon)

   It inflicts extra damage upon your enemies.
   It radiates damaging sonic waves as it strikes, especially in combat
   involving dangerous or numerous foes.
 K - the +9 sword of Zonguldrok {reap}
   (You found it in the Dungeon)

   Any living foe damaged by it may be reanimated upon death as a zombie
   friendly to the wielder, with an increasing chance as more damage is dealt.
Missiles
 c - 5 boomerangs of dispersal (quivered)
 G - 1000 bolts
Armour
 s - a +1 helmet of intelligence (worn)
 u - the +3 ring mail of Koal (worn) {rF+ rN+ Int-3}
   (You found it in the Dungeon)

   Int:       It affects your intelligence (-3).
   rF:        It protects you from fire.
   rN:        It protects you from negative energy.
 C - +5 gold dragon scales
 D - a +3 buckler (worn)
 E - a +3 kite shield
Jewellery
 t - a +6 ring of dexterity (right hand)
 x - a +6 ring of strength (left hand)
Wands
 z - a wand of mindburst (7)
 A - a wand of iceblast (6)
 B - a wand of acid (3)
Scrolls
 b - 5 scrolls of blinking
 n - 4 scrolls of amnesia
 o - 7 scrolls of fog
 p - a scroll of holy word
 q - 5 scrolls of identify
 r - 2 scrolls of fear
Potions
 d - 10 potions of curing
 e - 7 potions of heal wounds
 f - 6 potions of haste
 g - 7 potions of magic
 h - 3 potions of berserk rage
 i - 2 potions of brilliance
 j - 2 potions of invisibility
 k - 4 potions of resistance
 m - 5 potions of might
Miscellaneous
 l - a piece from Xom's chessboard (15/15)
 I - a lightning rod (4/4)


   Skills:
 + Level 7.4 Fighting
 + Level 5.7 Short Blades
 + Level 5.7 Long Blades
 + Level 5.7 Axes
 + Level 5.7 Maces & Flails
 + Level 5.7 Polearms
 + Level 5.7 Staves
 + Level 5.7 Slings
 + Level 5.7 Bows
 + Level 5.7 Crossbows
 + Level 6.3 Throwing
 + Level 6.3 Armour
 + Level 7.4 Dodging
 + Level 5.7 Stealth
 + Level 5.7 Shields
 + Level 7.4 Unarmed Combat
 + Level 7.7 Spellcasting
 + Level 4.7 Conjurations
 + Level 4.7 Hexes
 + Level 4.7 Summonings
 + Level 4.7 Necromancy
 + Level 7.3 Translocations
 + Level 4.7 Transmutations
 + Level 4.7 Fire Magic
 + Level 4.7 Ice Magic
 + Level 4.7 Air Magic
 + Level 4.7 Earth Magic
 + Level 4.7 Poison Magic
 + Level 6.3 Invocations
 + Level 5.7 Evocations


You had 3 spell levels left.
You knew the following spells:

 Your Spells              Type           Power      Damage    Failure   Level
a - Vampiric Draining     Necr           16%        2d7       13%         3
b - Manifold Assault      Tloc           22%        N/A       38%         5
c - Blink                 Tloc           44%        N/A       2%          2
d - Agony                 Necr           16%        N/A       77%         5
e - Teleport Other        Tloc           22%        N/A       4%          3

Your spell library contained the following spells:

 Spells                   Type           Power      Damage    Failure   Level
 Animate Skeleton         Necr           32%        N/A       4%          1
 Gell's Gravitas          Tloc           22%        N/A       4%          3
 Lesser Beckoning         Tloc           22%        N/A       4%          3
 Corpse Rot               Necr/Air       32%        N/A       7%          2


Dungeon Overview and Level Annotations

Branches:
Dungeon (1/1)

Altars:
Ashenzari
Cheibriados
Dithmenos
Elyvilon
Fedhas
Gozag
Hepliaklqana
Kikubaaqudgha
Makhleb
Nemelex Xobeh
Okawaru
Qazlal
Ru
Sif Muna
Trog
Uskayaw
Vehumet
Wu Jian
Xom
Yredelemnul
Zin
The Shining One
Beogh
Jiyva
Lugonu

Annotations:
D 1 transporter


Innate Abilities, Weirdness & Mutations

You have very sharp teeth.
Your uncanny sense of smell can sniff out nearby items.
Your experience applies equally to all skills.


Message History

Press: ? - help, Shift-Dir - straight line, f/p - air elemental
Aim: an air elemental (severely damaged, 48% to hit)
The bolt of acid hits the air elemental!!
The acid corrodes the air elemental!
You destroy the air elemental!
Kikubaaqudgha accepts your kill. The air elemental barely misses you.
The air elemental hits you. The air elemental hits you!
The air elemental misses you. x2
The air elemental barely misses you.
Your Invocations skill increases to level 6!
You feel much better.
The air elemental hits you but does no damage.
You block the air elemental's attack. The air elemental hits you!
The air elemental hits you but does no damage.
You closely miss the air elemental.
The air elemental is moderately damaged.
The air elemental fires a burst of electricity at you.
The stunning burst hits you.
You suddenly lose the ability to move!
The air elemental hits you but does no damage. x2
The air elemental hits you.
The air elemental fires a burst of electricity at you.
The stunning burst hits you.
The air elemental fires a burst of electricity at you.
The stunning burst hits you but does no damage.
You can move again.
Aiming: Corrosive Bolt
Press: ? - help, Shift-Dir - straight line, f - air elemental
Aim: an air elemental (moderately damaged, 48% to hit)
The bolt of acid hits the air elemental!
The air elemental is severely damaged.
The air elemental fires a burst of electricity at you.
The stunning burst misses you. The air elemental hits you!
The air elemental hits you.
* * * LOW HITPOINT WARNING * * *
The air elemental fires a burst of electricity at you.
The stunning burst hits you!
You shrug off the repeated paralysis!
* * * LOW HITPOINT WARNING * * *
You block the air elemental's attack. The air elemental hits you.
You die...
Kikubaaqudgha rasps: "You have failed me!
Welcome... death!"

▓▓▓▓▓▓▓▓▓▓▓▓▓▓▓▓▓▓▓
▓.8©8.▓.8©8.▓.8©8.▓
∆
▓.)}=.▓..)[.▓.....▓
∆
▓..)..▓..)..▓...).▓
▓.....▓.....▓.....▓
▓.....▓..)..▓.†)..▓
▓.E...▓.....▓..©..▓
▓.E@..▓..©..▓▓▓▓▓▓▓
▓▓▓▓▓▓▓▓▓▓▓▓▓ ∆∆∆
∆∆∆ ∆ ∆ ∆ ∆


You could see 2 air elementals.

Vanquished Creatures
  2 air elementals (D)
  A spriggan (D)
  A wolf (D)
  2 orc priests (D)
  An orc wizard (D)
7 creatures vanquished.

Notes
Turn   | Place    | Note
-------+----------+-------------------------------------------
     0 | D        | xpp the Gnoll Warper began the quest for the Orb.
     0 | D        | Reached XP level 1. HP: 20/20 MP: 6/6
     0 | D        | Found a shimmering blue altar of Sif Muna.
     0 | D        | Found a sacrificial altar of Ru.
     0 | D        | Found a bloodstained altar of Trog.
     0 | D        | Found a stormy altar of Qazlal.
     0 | D        | Found an iron altar of Okawaru.
     0 | D        | Found a sparkling altar of Nemelex Xobeh.
     0 | D        | Found a blossoming altar of Fedhas.
     0 | D        | Found the +6 Majin-Bo {vamp, MP+6 Int+6}
     0 | D        | Found the +9 heavy crossbow "Sniper" {vorpal, Acc+∞ SInv}
     0 | D        | Found the +10 dark maul {vorpal}
     0 | D        | Found the +15 Maxwell's patent armour {-Cast -Tele rElec
                  | Will+ rCorr}
     0 | D        | Found the +18 shield of the Gong {rElec rN+ Will+ EV-5}
     0 | D        | Found the +14 obsidian axe {vorpal, Mesm Drain Fly SInv}
     0 | D        | Found the +7 great mace "Firestarter" {inner flame, rF++}
     0 | D        | Found the +6 shillelagh "Devastator" {shatter}
     0 | D        | Found the +11 plutonium sword {Contam Stlth-}
     0 | D        | Found the +8 lance "Wyrmbane" {slay drac, rPois rF+ rC+
                  | AC+3}
     0 | D        | Found the +9 sword of Zonguldrok {reap}
     0 | D        | Found the +13 scythe of Curses {drain, Drain}
     0 | D        | Found the +5 sword of Power {vorpal}
     0 | D        | Found the +7 mace of Variability {chain chaos}
     0 | D        | Found the +7 Singing Sword {vorpal, sonic wave}
     0 | D        | Found the +8 storm bow {elec, penet}
     2 | D        | Found a transporter.
     2 | D        | Found an ancient bone altar of Kikubaaqudgha.
     2 | D        | Found a viscous altar of Jiyva.
     2 | D        | Found a corrupted altar of Lugonu.
     2 | D        | Found a hazy altar of Hepliaklqana.
     2 | D        | Found a burning altar of Makhleb.
     2 | D        | Found an opulent altar of Gozag.
    41 | D        | Reached skill level 5 in Fighting
    41 | D        | Reached skill level 5 in Dodging
    41 | D        | Reached skill level 5 in Unarmed Combat
    41 | D        | Reached skill level 5 in Spellcasting
    41 | D        | Reached skill level 1 in Conjurations
    41 | D        | Reached skill level 1 in Hexes
    41 | D        | Reached skill level 1 in Summonings
    41 | D        | Reached skill level 1 in Necromancy
    41 | D        | Reached skill level 1 in Transmutations
    41 | D        | Reached skill level 1 in Fire Magic
    41 | D        | Reached skill level 1 in Ice Magic
    41 | D        | Reached skill level 1 in Air Magic
    41 | D        | Reached skill level 1 in Earth Magic
    41 | D        | Reached skill level 1 in Poison Magic
    41 | D        | Reached XP level 2. HP: 27/27 MP: 6/8
    50 | D        | Became a worshipper of Kikubaaqudgha
    60 | D        | Entered arena 2.
    60 | D        | Noticed a spriggan
    60 | D        | Noticed a wolf
    60 | D        | Found a transporter.
    63 | D        | Killed a wolf
    63 | D        | Killed a spriggan
    64 | D        | Reached skill level 5 in Throwing
    64 | D        | Reached skill level 5 in Armour
    64 | D        | Reached XP level 3. HP: 22/35 MP: 9/11
    64 | D        | Reached XP level 4. HP: 26/41 MP: 9/12
    64 | D        | Reached XP level 5. HP: 30/47 MP: 10/14
    64 | D        | Reached XP level 6. HP: 34/53 MP: 10/15
   174 | D        | Entered arena 3.
   174 | D        | Found a transporter.
   176 | D        | Reached * piety under Kikubaaqudgha
   176 | D        | Received a gift from Kikubaaqudgha
   177 | D        | Reached skill level 5 in Invocations
   191 | D        | Got the +3 ring mail of Koal {rF+ rN+ Int-3}
   209 | D        | Learned a level 3 spell: Vampiric Draining
   215 | D        | Learned a level 5 spell: Manifold Assault
   218 | D        | Learned a level 2 spell: Blink
   224 | D        | Learned a level 5 spell: Agony
   228 | D        | Learned a level 3 spell: Teleport Other
   228 | D        | Entered arena 4.
   228 | D        | Noticed an air elemental
   228 | D        | Noticed an air elemental
   228 | D        | Noticed an air elemental
   228 | D        | Noticed an air elemental
   228 | D        | Found a transporter.
   229 | D        | Paralysed by an air elemental for 1 turns
   231 | D        | Killed an air elemental
   231 | D        | Reached ** piety under Kikubaaqudgha
   232 | D        | Reached skill level 5 in Short Blades
   232 | D        | Reached skill level 5 in Long Blades
   232 | D        | Reached skill level 5 in Axes
   232 | D        | Reached skill level 5 in Maces & Flails
   232 | D        | Reached skill level 5 in Polearms
   232 | D        | Reached skill level 5 in Staves
   232 | D        | Reached skill level 5 in Slings
   232 | D        | Reached skill level 5 in Bows
   232 | D        | Reached skill level 5 in Crossbows
   232 | D        | Reached skill level 5 in Stealth
   232 | D        | Reached skill level 5 in Shields
   232 | D        | Reached skill level 5 in Evocations
   232 | D        | Reached XP level 7. HP: 41/60 MP: 17/17
   232 | D        | Paralysed by an air elemental for 1 turns
   235 | D        | Killed an air elemental
   237 | D        | Paralysed by an air elemental for 1 turns
   238 | D        | HP: 1/60 [air elemental/stunning burst (16)]
   238 | D        | Slain by an air elemental

Illustrated notes

Levels and vault maps discovered:
D:        sprint_v [room_start, room_1, room_2, room_3, room_4, room_5, room_6,
          room_7, room_8, room_9, room_10, room_11, room_12, room_13, room_14,
          room_15, room_16, room_17, room_18, room_19, room_20, room_21,
          room_22, room_23, room_24, room_25, room_26, room_27]

Skill      XL: |  1  2  3  4  5  6  7 |
---------------+----------------------+-----
Fighting       | 5 6 7 |  7.4
Short Blades   | 2 4 5 |  5.7
Long Blades    | 2 4 5 |  5.7
Axes           | 2 4 5 |  5.7
Maces & Flails | 2 4 5 |  5.7
Polearms       | 2 4 5 |  5.7
Staves         | 2 4 5 |  5.7
Slings         | 2 4 5 |  5.7
Bows           | 2 4 5 |  5.7
Crossbows      | 2 4 5 |  5.7
Throwing       | 3 5 6 |  6.3
Armour         | 3 5 6 |  6.3
Dodging        | 5 6 7 |  7.4
Stealth        | 2 4 5 |  5.7
Shields        | 2 4 5 |  5.7
Unarmed Combat | 5 6 7 |  7.4
Spellcasting   | 5 6 7 |  7.7
Conjurations   | 1 3 4 |  4.7
Hexes          | 1 3 4 |  4.7
Summonings     | 1 3 4 |  4.7
Necromancy     | 1 3 4 |  4.7
Transmutations | 1 3 4 |  4.7
Fire Magic     | 1 3 4 |  4.7
Ice Magic      | 1 3 4 |  4.7
Air Magic      | 1 3 4 |  4.7
Earth Magic    | 1 3 4 |  4.7
Poison Magic   | 1 3 4 |  4.7
Invocations    | 2 4 5 6 |  6.3
Evocations     | 2 4 5 |  5.7
Translocations | 6 7 |  7.3

Action                   |  1- 3 |  4- 6 |  7- 9 || total
-------------------------+-------+-------+-------++-------
Melee: Demon blade       |       |     1 |     1 ||     2
Evoke: Lightning rod     |     3 |     3 |       ||     6
       Wand              |       |     2 |     3 ||     5
  Use: Potion            |     1 |       |     3 ||     4
Armor: Ring mail         |       |     4 |     7 ||    11
Dodge: Dodged            |     2 |     4 |    10 ||    16
Block: Buckler           |     1 |     2 |     7 ||    10

Table legend: (Time is in decaauts)
 A = Elapsed time spent in this place.
 B = Non-inter-level travel time spent in this place.
 C = Inter-level travel time spent in this place.
 D = Time resting spent in this place.
 E = Time spent auto-exploring this place.
 F = Levels seen in this place.
 G = Mean time per level.
                   A        B        C        D        E       F      G
               +--------+--------+--------+--------+--------+-----+--------+
         Total |    236 |    236 |      0 |    100 |     10 |   1 |  236.0 |
       Dungeon |    236 |    236 |      0 |    100 |     10 |   1 |  236.0 |
               +--------+--------+--------+--------+--------+-----+--------+

Top non-repeatable levels by time:
       D: 236 daAuts
